 Dungeon Crawl Stone Soup version 0.30-a0-743-gbfdf073431 (webtiles) character file.

Game seed: 6049068527861298607

108 ragingrage the Shooter (level 4, 0/33 HPs)
             Began as a Mummy Hunter on Feb 7, 2023.
             Slain by Natasha (5 damage)
             ... on level 2 of the Dungeon.
             The game lasted 00:02:27 (1315 turns).

ragingrage the Shooter (Mummy Hunter)               Turns: 1315, Time: 00:02:28

Health: 0/33       AC:  4    Str: 14    XL:     4   Next: 58%
Magic:  4/4        EV: 11    Int:  8    God:
Gold:   62         SH:  0    Dex: 17    Spells: 3/3 levels left

rFire   x . .      SeeInvis .    a - +0 shortbow
rCold   + . .      Faith    +    (shield currently unavailable)
rNeg    + + +      Spirit   .    c - +0 leather armour
rPois   ∞          Reflect  .    n - +0 helmet
rElec   .          Harm     .    (no cloak)
rCorr   .          Rampage  .    (no gloves)
Will    .....                    (no boots)
Stlth   ++                       (no amulet)
HPRegen 0.25/turn                (no ring)
MPRegen 0.09/turn                (no ring)

@: no status effects
A: cold resistance 1, negative energy resistance 3, torment resistance 2, heat
vulnerability 1, in touch with death 1, no potions, faith
a: no special abilities


You were on level 2 of the Dungeon.
You visited 1 branch of the dungeon, and saw 3 of its levels.

You collected 104 gold pieces.
You spent 42 gold pieces at shops.

Inventory:

Hand Weapons
 a - a +0 shortbow (weapon)
Missiles
 h - 3 silver javelins
 i - 8 poisoned darts
Armour
 c - a +0 leather armour (worn)
 k - a +0 ring mail
 n - a +0 helmet (worn)
Scrolls
 b - 2 scrolls of immolation
 d - 2 scrolls of identify {unknown}
 e - 2 scrolls of teleportation
 f - a scroll of noise {unknown}
 g - a scroll of torment {unknown}
 j - a scroll of acquirement {unknown}
 l - a scroll of butterflies {unknown}
 m - a scroll of enchant weapon {unknown}


   Skills:
 - Level 2.0 Fighting
 + Level 4.6 Ranged Weapons
 - Level 1.5 Dodging
 - Level 2.0 Stealth


You had 3 spell levels left.
You didn't know any spells.
Your spell library was empty.

Dungeon Overview and Level Annotations

Branches:
Dungeon (3/15)

Altars:

Shops:
D:3 ?

Annotations:
D:1 exclusion: downstairs
D:2 1 runed translucent door, Crazy Yiuf, Natasha


Innate Abilities, Weirdness & Mutations

You are immune to poison.
Your flesh is cold resistant. (rC+)
You are immune to negative energy. (rN+++)
You are immune to unholy pain and torment.
You are vulnerable to heat. (rF-)
You are in touch with the powers of death.
You do not drink.
You have a special connection with the divine. (Faith)


Message History

Natasha barely misses you.
Fire: a) +0 shortbow
Press: ? - help, Q - select action, (/) - cycle Shift-Dir - straight line, f/p - Natasha
Aim: Natasha (56% to hit)
You shoot an arrow.
The arrow hits Natasha but does no damage.
Natasha mumbles some strange words.
Fire: a) +0 shortbow
Press: ? - help, Q - select action, (/) - cycle Shift-Dir - straight line, f/p - Natasha
Aim: Natasha (56% to hit)
You shoot an arrow. The arrow barely misses Natasha.
Natasha claws you.
Fire: a) +0 shortbow
Press: ? - help, Q - select action, (/) - cycle Shift-Dir - straight line, f/p - Natasha
Aim: Natasha (56% to hit)
You shoot an arrow. The arrow hits Natasha!
Natasha is severely wounded.
Natasha casts a spell.
Natasha casts a spell at you. The magic dart hits you!
Fire: a) +0 shortbow
Press: ? - help, Q - select action, (/) - cycle Shift-Dir - straight line, f/p - Natasha
Aim: Natasha (severely wounded, 56% to hit)
You shoot an arrow.
The arrow hits Natasha but does no damage.
Natasha is severely wounded.
Natasha claws you!
* * * LOW HITPOINT WARNING * * *
Fire: a) +0 shortbow
Press: ? - help, Q - select action, (/) - cycle Shift-Dir - straight line, f/p - Natasha
Aim: Natasha (severely wounded, 56% to hit)
You shoot an arrow. The arrow closely misses Natasha.
The arrow barely misses the crimson imp.
The crimson imp blinks!
Natasha claws you.
* * * LOW HITPOINT WARNING * * *
Fire: a) +0 shortbow
Press: ? - help, Q - select action, (/) - cycle Shift-Dir - straight line, f/p - Natasha
Aim: Natasha (severely wounded, 56% to hit)
You shoot an arrow. The arrow barely misses Natasha.
Natasha claws you.
You die...

######## #####......
##........ .
####....†..#####....
..........5h@.......
##.......#########
#### ##...#5## ...
##.##.##
##.####.#...#
##...#.....#..
###......#.#...##
.........#.##.##
##......#.# .#


You could see Natasha, a crimson imp (summoned) and a white imp (summoned).

Vanquished Creatures
  Natasha (D:2)
  Robin (D:2)
  2 adders (D:2)
  2 worms (D:2)
  3 dart slugs
  2 ball pythons
  3 endoplasms
  A giant cockroach (D:1)
  10 goblins
  4 hobgoblins
  A quokka (D:2)
  2 bats
  6 frilled lizards
  5 kobolds
  2 rats (D:1)
45 creatures vanquished.

Notes
Turn   | Place    | Note
-------+----------+-------------------------------------------
     0 | D:1      | ragingrage the Mummy Hunter began the quest for the Orb.
     0 | D:1      | Reached XP level 1. HP: 16/16 MP: 1/1
    68 | D:1      | Reached skill level 1 in Stealth
    93 | D:1      | Reached XP level 2. HP: 22/22 MP: 2/2
   505 | D:2      | Noticed Robin
   579 | D:2      | Gained mutation: You are in touch with the powers of death.
                  | [Mummy growth]
   579 | D:2      | Reached XP level 3. HP: 26/27 MP: 3/3
   587 | D:2      | Noticed Natasha
   591 | D:2      | Killed Natasha
   592 | D:2      | Reached skill level 4 in Ranged Weapons
   749 | D:3      | Found Koilol's Magic Scroll Emporium.
   757 | D:3      | Bought a scroll of teleportation for 42 gold pieces
   785 | D:3      | Reached XP level 4. HP: 33/33 MP: 4/4
  1057 | D:2      | Found a runed translucent door.
  1058 | D:2      | Noticed Crazy Yiuf
  1192 | D:2      | Killed Robin
  1303 | D:2      | Noticed Natasha
  1315 | D:2      | Slain by Natasha

Illustrated notes

Levels and vault maps discovered:
D:1:      heliophobic_arrival_henge, layout_basic, minivault_4
D:2:      layout_loops_ring, uniq_crazy_yiuf_cottage, uniq_robin, uniq_natasha
D:3:      minmay_evil_eye, layout_rooms, ebering_ecumenical_altar_abandoned,
          serial_shops, shop

Skill      XL: |  1  2  3 |
---------------+----------+-----
Stealth        | 1 2 |  2.0
Ranged Weapons | 4 |  4.6
Fighting       | |  2.0
Dodging        | |  1.5

Action                     |  1- 3 |  4- 6 || total
---------------------------+-------+-------++-------
   Fire: Shortbow          |    70 |    53 ||   123
 Armour: Leather armour    |     6 |     1 ||     7
  Dodge: Dodged            |    14 |     7 ||    21

Table legend: (Time is in decaauts)
 A = Elapsed time spent in this place.
 B = Non-inter-level travel time spent in this place.
 C = Inter-level travel time spent in this place.
 D = Time resting spent in this place.
 E = Time spent auto-exploring this place.
 F = Levels seen in this place.
 G = Mean time per level.
                   A        B        C        D        E       F      G
               +--------+--------+--------+--------+--------+-----+--------+
         Total |   1364 |   1284 |     80 |    110 |    825 |   3 |  454.7 |
       Dungeon |   1364 |   1284 |     80 |    110 |    825 |   3 |  454.7 |
               +--------+--------+--------+--------+--------+-----+--------+

Top non-repeatable levels by time:
     D:2: 610 daAuts
     D:1: 557 daAuts
     D:3: 195 daAuts
